 Dungeon Crawl Stone Soup version 0.23.2 (webtiles) character file.

Game seed: 12076418179568344089

202633 night the Scorcher (level 17, -8/132 HPs)
             Began as a Red Draconian Conjurer on Mar 30, 2019.
             Was a High Priest of Vehumet.
             Killed from afar by Asterion (28 damage)
             ... with a bolt of lightning
             ... on level 4 of the Snake Pit on Apr 2, 2019.
             The game lasted 05:30:57 (53980 turns).

night the Scorcher (Red Draconian Conjurer)        Turns: 53980, Time: 05:30:59

Health: -8/132     AC: 23    Str: 14    XL:     17   Next: 95%
Magic:  21/46      EV: 14    Int: 22    God:    Vehumet [*****.]
Gold:   2310       SH:  0    Dex: 12    Spells: 3/48 levels left

rFire    + . .     SeeInvis .   b - staff of energy
rCold    . . .     Gourm    .   (no shield)
rNeg     . . .     Faith    .   (armour unavailable)
rPois    .         Spirit   .   (helmet restricted)
rElec    .         Reflect  .   i - +1 cloak {+Inv}
rCorr    .         Harm     .   W - +2 pair of gloves {Str+3}
MR       +....                  B - +2 pair of boots {Stlth+}
Stlth    +++.......             l - amulet of regeneration
HPRegen  0.72/turn              u - +6 ring of protection
MPRegen  0.30/turn              G - ring of magical power

@: slowed, very slow
A: breathe fire, unfitting armour, fire resistance 1, cold-blooded, AC +9
}: 1/15 runes: decaying
a: Breathe Fire, Renounce Religion, Evoke Invisibility


You were on level 4 of the Snake Pit.
You worshipped Vehumet.
Vehumet was extremely pleased with you.
You were not hungry.

You visited 6 branches of the dungeon, and saw 32 of its levels.
You also visited: Sewer and Bailey.

You collected 3137 gold pieces.
You spent 827 gold pieces at shops.

Inventory:

Hand Weapons
 a - the +6 scimitar of the Lamprey {speed, rElec rF++ Int+3 Dex+3}
   (You bought it in a shop on level 2 of the Orcish Mines)

   Attacks with this weapon are significantly faster.
   It affects your intelligence (+3).
   It affects your dexterity (+3).
   It greatly protects you from fire.
   It insulates you from electricity.
 v - a +3 dagger of electrocution
 w - a +4 scimitar of flaming
 A - a +2 great sword of slicing
 S - a +0 shortbow of freezing
 U - the +10 battleaxe "Apnomoj" {drain, rC+ MR+ MP+9}
   (You found it on level 6 of the Lair of Beasts)

   A truly terrible weapon, it drains the life of those it strikes.
   It protects you from cold.
   It affects your resistance to hostile enchantments.
   It affects your magic capacity (+9).
Missiles
 e - 730 arrows
Armour
 i - a +1 cloak of invisibility (worn)
 s - the +2 cloak of Greed {rN++}
   (You found it on level 14 of the Dungeon)

   It greatly protects you from negative energy.
 B - a +2 pair of boots of stealth (worn)
 W - a +2 pair of gloves of strength (worn)
Magical Staves
 b - an uncursed staff of energy (weapon)
 F - an uncursed staff of wizardry
 K - an uncursed staff of power
Jewellery
 l - an amulet of regeneration (around neck)
 m - an uncursed ring of see invisible
 u - a +6 ring of protection (left hand)
 y - an uncursed ring of ice
 G - a ring of magical power (right hand)
 J - an uncursed ring of fire
 M - an uncursed ring of protection from fire
 T - an uncursed ring of wizardry
 X - a +5 ring of dexterity
Wands
 c - a wand of disintegration (8)
 o - a wand of flame (73)
 H - a wand of acid (19)
 O - a wand of paralysis (26)
 V - a wand of digging (16)
 Y - a wand of polymorph (8)
 Z - a wand of iceblast (2)
Scrolls
 f - a scroll of enchant armour
 h - 2 scrolls of amnesia
 k - 11 scrolls of identify
 x - 5 scrolls of magic mapping
 P - 6 scrolls of remove curse
 Q - 2 scrolls of fear
Potions
 d - 2 potions of haste
 g - 6 potions of curing
 j - 6 potions of mutation
 n - a potion of invisibility
 p - 6 potions of lignification
 q - 2 potions of might
 t - 6 potions of flight
 z - a potion of heal wounds
 D - a potion of resistance
 E - a potion of magic
 I - 5 potions of cancellation
 L - 2 potions of ambrosia
Miscellaneous
 C - a crystal ball of energy
 R - a phantom mirror
Comestibles
 r - 37 rations


   Skills:
 - Level 7.4 Fighting
 - Level 6.0(7.3) Short Blades
 - Level 6.5(7.6) Long Blades
 - Level 4.7 Dodging
 - Level 1.7 Stealth
 - Level 16.2 Spellcasting
 - Level 10.8 Conjurations
 - Level 2.2 Hexes
 + Level 19.1 Fire Magic
 - Level 12.3 Air Magic
 - Level 3.5 Poison Magic


You had 3 spell levels left.
You knew the following spells:

 Your Spells              Type           Power        Failure   Level  Hunger
a - Throw Flame           Conj/Fire      ######       0%          2    None
b - Fire Storm            Conj/Fire      ######....   83%         9    None
c - Sting                 Conj/Pois      ####         1%          1    None
d - Fireball              Conj/Fire      ######....   1%          5    None
e - Bolt of Magma         Conj/Fire/Erth ######....   1%          5    None
f - Magic Dart            Conj           ####         1%          1    None
h - Force Lance           Conj/Tloc      #####...     1%          4    None
i - Olgreb's Toxic Radia  Pois           ####....     2%          4    None
j - Dazzling Spray        Conj/Hex       #####.       1%          3    None
k - Lightning Bolt        Conj/Air       ######....   1%          5    None
l - Freezing Cloud        Conj/Ice/Air   ######....   5%          6    None

Your spell library contained the following spells:

 Spells                   Type           Power        Failure   Level  Hunger
 Chain Lightning          Conj/Air       ######....   41%         8    None
 Tornado                  Air            ######....   99%         9    None
 Flame Tongue             Conj/Fire      #####        0%          1    None
 Conjure Flame            Conj/Fire      ######..     0%          3    None
 Confusing Touch          Hex            ####..       1%          1    None
 Corona                   Hex            ####...      1%          1    None
 Searing Ray              Conj           ######       1%          2    None
 Slow                     Hex            ####....     1%          2    None
 Inner Flame              Hex/Fire       ######..     1%          3    None
 Animate Skeleton         Necr           N/A          3%          1    None
 Apportation              Tloc           ###...       3%          1    None
 Summon Small Mammal      Summ           ###.         3%          1    None
 Confuse                  Hex            ####....     3%          3    None
 Portal Projectile        Hex/Tloc       ###...       6%          3    None
 Gell's Gravitas          Tloc           ###.......   10%         3    None
 Fulminant Prism          Conj/Hex       #####.....   1%          4    None
 Iskenderun's Mystic Bla  Conj           ######..     1%          4    None
 Sticky Flame             Conj/Fire      ######..     1%          4    None
 Venom Bolt               Conj/Pois      #####.....   1%          5    None
 Iskenderun's Battlesphe  Conj/Chrm      #####...     2%          5    None
 Orb of Destruction       Conj           ######....   9%          7    None
 Cause Fear               Hex            ####......   13%         4    None
 Bolt of Cold             Conj/Ice       #####.....   14%         6    None
 Iron Shot                Conj/Erth      #####.....   14%         6    None
 Yara's Violent Unravell  Hex/Tmut       ###.......   16%         5    None
 Leda's Liquefaction      Hex/Erth       ###.......   21%         4    None
 Ice Form                 Ice/Tmut       ###.....     32%         4    None
 Petrify                  Tmut/Erth      ###.....     32%         4    None
 Metabolic Englaciation   Hex/Ice        ###.......   50%         5    None
 Spellforged Servitor     Conj/Summ      #####.....   56%         7    None
 Ozocubu's Refrigeration  Ice            ###.......   73%         6    None
 Simulacrum               Ice/Necr       ###.......   99%         6    None


Dungeon Overview and Level Annotations

Branches:
Dungeon (15/15)            Temple (1/1) D:6            Lair (6/6) D:8
  Swamp (4/4) Lair:4        Snake (4/4) Lair:2        Slime (0/5) Lair:5
    Orc (2/2) D:11            Elf (0/3) Orc:2        Vaults (0/5) D:13
 Depths (0/5) D:15

Altars:
Ashenzari
Cheibriados
Dithmenos
Elyvilon
Fedhas
Gozag
Hepliaklqana
Kikubaaqudgha
Makhleb
Nemelex Xobeh
Okawaru
Qazlal
Ru
Sif Muna
Trog
Uskayaw
Vehumet
Wu Jian
Xom
Yredelemnul
Zin
The Shining One
Beogh

Shops:
D:8 (   D:10 [   Orc:2 ![[([

Annotations:
Lair:3 exclusion: oklob plant
Swamp:1 Kirke, Louise
Snake:3 Vashnia
Snake:4 Asterion


Innate Abilities, Weirdness & Mutations

You can breathe blasts of fire.
Your fiery red scales are hard. (AC +9)
You cannot fit into any form of body armour.
Your flesh is heat resistant. (rF+)
You are cold-blooded and may be slowed by cold attacks.


Message History

Put on which piece of jewellery? (? for menu, Esc to quit)
Okay, then.
You are engulfed in freezing vapours.
You feel as though you will be slow longer.
Asterion is engulfed in freezing vapours.
Asterion hits you but does no damage. Asterion gores you but does no damage.
Asterion is engulfed in freezing vapours.
Asterion closely misses you. Asterion gores you but does no damage.
You are engulfed in freezing vapours.
You feel as though you will be slow longer.
* * * LOW HITPOINT WARNING * * *
Asterion is engulfed in freezing vapours.
Asterion hits you but does no damage. Asterion misses you.
You are engulfed in freezing vapours.
You feel as though you will be slow longer.
* * * LOW HITPOINT WARNING * * *
Asterion is engulfed in freezing vapours.
Asterion conjures a destructive force in the name of Makhleb!
The bolt of lightning hits you!!
You die...

,**** *,******###
,,,,* *.#######.#
.##.#####*..H......#
.#.......*########.#
.#.......* #.#
.#..(....* #S#
........)* #.#
....)....#########§#
.........#°§§§§§@H§#
...#*****#§#########
.### #.# .# #)# .#
#.# .# #.# .# #.# .#
#.# .# #.#


You could see Asterion.

Vanquished Creatures
  Saint Roka (Orc:2)
  Jorgrun (Swamp:1)
  A nagaraja (Snake:2)
  2 thorn hunters
  A tengu reaver (D:13)
  Aizul (Snake:2)
  An orc warlord (Bailey)
  Azrael (D:14)
  Josephine (D:10)
  An ogre mage (D:13)
  Fannar (D:11)
  A naga warrior (Snake:1)
  A ghost crab (Swamp:4)
  25 hydras
  A rakshasa (D:15)
  A shambling mangrove (Swamp:3)
  4 vault guards
  Erica (D:7)
  7 centaur warriors
  Harold (D:8)
  4 anacondas
  A two-headed ogre (Orc:1)
  3 death yaks
  5 alligators
  A deep troll earth mage (D:13)
  2 orc high priests (Orc:2)
  A tengu warrior (D:12)
  2 shock serpents (Snake:1)
  4 naga sharpshooters
  Sonja (Lair:5)
  3 skeletal warriors
  9 swamp dragons
  4 unseen horrors
  A naga ritualist (Snake:3)
  A wolf spider zombie (D:13)
  A deep elf archer (D:14)
  A wizard (D:13)
  4 orc knights
  4 orc sorcerers
  3 mana vipers (Snake:1)
  A manticore (D:13)
  A deep elf mage (D:13)
  6 ugly things
  A cyclops (D:10)
  5 salamanders
  Maurice (D:8)
  3 centaur zombies
  A moth of wrath (shapeshifter) (D:15)
  Psyche (D:8)
  A guardian serpent (Snake:2)
  2 gargoyles
  7 elephants
  6 centaur skeletons
  8 naga magi
  25 black mambas
  2 rime drakes (Lair:6)
  An efreet (D:13)
  14 spiny frogs
  9 komodo dragons
  A yaktaur (D:13)
  2 kobold demonologists
  A queen bee (D:11)
  6 trolls
  A tengu conjurer (D:12)
  A queen bee (shapeshifter) (D:11)
  6 meliai
  7 polar bears
  9 hornets
  9 tyrant leeches
  3 bog bodies
  9 slime creatures
  A blink frog (shapeshifter) (D:13)
  A hippogriff (shapeshifter) (D:15)
  13 blink frogs
  A dream sheep (Lair:6)
  12 hippogriffs
  2 vampires
  2 centaur simulacra
  29 yaks
  A shadow (D:15)
  14 spriggans (Lair:6)
  Eustachio (D:4)
  3 fire elementals (D:14)
  8 wyverns
  A hog (Swamp:2)
  9 wraiths
  A human (D:11)
  4 hungry ghosts
  A golden eye (shapeshifter) (D:15)
  A basilisk (D:14)
  A steam dragon (D:14)
  8 vampire mosquitoes
  6 wargs
  2 acid dragons
  12 swamp worms
  4 hell hounds (D:14)
  3 porcupines
  9 water moccasins
  26 nagas
  4 black bears
  8 ice beasts
  3 phantoms
  3 sky beasts
  33 orc warriors
  13 swamp drakes
  5 ogres
  An eye of draining (D:13)
  26 wolves
  7 boggarts
  22 centaurs
  19 crocodiles
  A crocodile (shapeshifter) (D:15)
  2 big kobolds
  16 bullfrogs
  A wyvern zombie (D:9)
  6 scorpions
  31 killer bees
  9 wights
  3 howler monkeys
  5 crimson imps
  14 jellies
  6 hounds
  2 bullfrog skeletons
  A gnoll shaman (D:10)
  20 orc priests
  9 iguanas
  A merfolk siren (Sewer)
  24 orc wizards
  10 worker ants
  5 hell rats (Lair:1)
  A merfolk avatar (Sewer)
  2 hound skeletons
  A worker ant zombie (D:8)
  13 adders
  7 gnolls
  3 river rats
  5 shadow imps
  An adder zombie (D:8)
  An ooze (Lair:5)
  An adder skeleton (D:9)
  2 worms (D:4)
  6 leopard geckos
  108 orcs
  7 giant cockroaches
  10 goblins
  13 hobgoblins
  13 jackals
  4 quokkas
  7 ball pythons
  3 bats
  11 frilled lizards
  A giant cockroach zombie (D:6)
  31 kobolds
  A leopard gecko skeleton (D:6)
  34 rats
  2 fungi (Snake:2)
1033 creatures vanquished.

Vanquished Creatures (collateral kills)
  A thorn hunter (Swamp:3)
1 creature vanquished.

Vanquished Creatures (others)
  A centaur skeleton (D:14)
  A crocodile (Lair:4)
  4 briar patches (Swamp:1)
  14 fungi
  9 plants
29 creatures vanquished.

Grand Total: 1063 creatures vanquished

Notes
Turn   | Place    | Note
-------+----------+-------------------------------------------
     0 | D:1      | night the Draconian Conjurer began the quest for the Orb.
     0 | D:1      | Reached XP level 1. HP: 14/14 MP: 3/3
   558 | D:1      | Reached XP level 2. HP: 4/20 MP: 0/5
   814 | D:1      | Learned a level 2 spell: Searing Ray
  1714 | D:2      | Reached XP level 3. HP: 20/26 MP: 7/7
  1957 | D:2      | Found a radiant altar of Vehumet.
  1965 | D:2      | Became a worshipper of Vehumet
  1993 | D:2      | Reached XP level 4. HP: 15/33 MP: 1/8
  2016 | D:2      | Reached skill level 1 in Short Blades
  2031 | D:2      | Reached skill level 5 in Conjurations
  2493 | D:3      | Reached XP level 5. HP: 38/38 MP: 10/10
  2573 | D:3      | Learned a level 3 spell: Dazzling Spray
  2578 | D:3      | Learned a level 4 spell: Iskenderun's Mystic Blast
  2662 | D:3      | Found a shattered altar of Ashenzari.
  2794 | D:3      | Reached * piety under Vehumet
  2794 | D:3      | Offered knowledge of Sting by Vehumet.
  2797 | D:3      | Learned a level 1 spell: Sting
  2855 | D:3      | Found a basalt altar of Yredelemnul.
  3186 | D:4      | Found a glowing drain.
  3194 | Sewer    | Entered a sewer
  3240 | Sewer    | Reached skill level 1 in Hexes
  3319 | Sewer    | Reached ** piety under Vehumet
  3319 | Sewer    | Offered knowledge of Throw Flame by Vehumet.
  3327 | Sewer    | Reached XP level 6. HP: 45/45 MP: 2/11
  3823 | D:4      | Found an ornate altar of the Wu Jian Council.
  4011 | D:4      | Found a shimmering altar of Xom.
  4011 | D:4      | Found a sacrificial altar of Ru.
  4073 | D:4      | Noticed Eustachio
  4138 | D:4      | Killed Eustachio
  4389 | D:4      | Your scales start taking on a fiery red colour.
  4389 | D:4      | Reached XP level 7. HP: 42/50 MP: 8/13
  4389 | D:4      | Gained mutation: Your flesh is heat resistant. (rF+) [Red
                  | Draconian growth]
  4436 | D:4      | Learned a level 2 spell: Throw Flame
  4477 | D:4      | Found a snail-covered altar of Cheibriados.
  4602 | D:5      | Entered Level 5 of the Dungeon
  4610 | D:5      | Reached skill level 1 in Fire Magic
  4696 | D:5      | Found an opulent altar of Gozag.
  4835 | D:5      | Offered knowledge of Static Discharge by Vehumet.
  4835 | D:5      | Reached skill level 2 in Fire Magic
  4900 | D:5      | Noticed a +0 dagger
  4902 | D:5      | Noticed a +0 dagger
  4903 | D:5      | Found a hide-covered altar of Uskayaw.
  5160 | D:5      | Reached skill level 3 in Fire Magic
  5334 | D:6      | Found a glowing golden altar of the Shining One.
  5381 | D:6      | Reached skill level 5 in Spellcasting
  5381 | D:6      | Reached skill level 4 in Fire Magic
  5381 | D:6      | Reached XP level 8. HP: 54/57 MP: 12/15
  5535 | D:6      | Reached *** piety under Vehumet
  5535 | D:6      | Reached skill level 5 in Fire Magic
  5616 | D:6      | Found an iron altar of Okawaru.
  6424 | D:6      | Reached skill level 6 in Fire Magic
  6715 | D:6      | Found a staircase to the Ecumenical Temple.
  6726 | Temple   | Entered the Ecumenical Temple
  7207 | D:7      | Reached skill level 5 in Short Blades
  7290 | D:7      | Reached XP level 9. HP: 62/62 MP: 8/17
  7292 | D:7      | Offered knowledge of Sticky Flame by Vehumet.
  7393 | D:7      | Reached skill level 7 in Fire Magic
  7714 | D:7      | Learned a level 4 spell: Sticky Flame
  7723 | D:8      | Noticed Erica
  7896 | D:7      | Killed Erica
  7896 | D:7      | Reached skill level 8 in Fire Magic
  8015 | D:8      | Found Mussi's Antique Weapon Shop.
  8057 | D:8      | Found a flagged portal.
  8069 | Bailey   | Entered a bailey
  8129 | Bailey   | Noticed an orc warlord
  8164 | Bailey   | Reached **** piety under Vehumet
  8235 | Bailey   | Offered knowledge of Bolt of Magma by Vehumet.
  8340 | Bailey   | Found a runed translucent gate.
  8340 | Bailey   | Found a runed translucent gate.
  8340 | Bailey   | Found a runed translucent gate.
  8375 | Bailey   | Learned a level 5 spell: Bolt of Magma
  8769 | Bailey   | Killed an orc warlord
  8769 | Bailey   | Reached skill level 9 in Fire Magic
  8769 | Bailey   | Reached XP level 10. HP: 17/69 MP: 0/21
  8823 | Bailey   | Got a bloodstained hand axe
  8824 | Bailey   | Identified the +7 hand axe of Subterfuge {chop, Int+2 Dex+2
                  | Stlth-} (You found it in a bailey)
  8906 | D:8      | Noticed Harold
  8941 | D:8      | Killed Harold
  8941 | D:8      | Reached skill level 10 in Fire Magic
  9134 | D:8      | Found a hazy altar of Hepliaklqana.
  9525 | D:8      | Noticed Psyche
  9537 | D:8      | Killed Psyche
  9696 | D:8      | Noticed Maurice
  9716 | D:8      | Killed Maurice
  9818 | D:8      | Found a bloodstained altar of Trog.
 10038 | D:8      | Found a staircase to the Lair.
 10606 | D:9      | Reached skill level 11 in Fire Magic
 11076 | D:9      | Reached XP level 11. HP: 65/74 MP: 19/24
 11542 | D:9      | Reached ***** piety under Vehumet
 11546 | D:9      | Reached skill level 10 in Spellcasting
 11734 | D:9      | You fall through a shaft for 2 floors!
 11737 | D:11     | Noticed a skeletal warrior
 11749 | D:10     | Entered Level 10 of the Dungeon
 11769 | D:10     | Offered knowledge of Bolt of Draining by Vehumet.
 11831 | D:10     | Found Urekh's Antique Armour Shop.
 12334 | Lair:1   | Entered Level 1 of the Lair of Beasts
 12912 | Lair:1   | Reached skill level 12 in Fire Magic
 14185 | Lair:2   | Noticed a six-headed hydra
 14263 | Lair:1   | Learned a level 4 spell: Force Lance
 14371 | Lair:2   | Found a staircase to the Snake Pit.
 15119 | Lair:2   | Noticed a six-headed hydra
 15129 | Lair:2   | Killed a six-headed hydra
 15364 | Lair:2   | Killed a six-headed hydra
 15364 | Lair:2   | Reached XP level 12. HP: 81/81 MP: 1/28
 15660 | Lair:3   | Found a transporter.
 15814 | Lair:3   | Reached skill level 13 in Fire Magic
 16086 | Lair:3   | Found a transporter.
 16677 | Lair:3   | Offered knowledge of Olgreb's Toxic Radiance by Vehumet.
 16683 | Lair:3   | Learned a level 4 spell: Olgreb's Toxic Radiance
 17354 | Lair:4   | Noticed a six-headed hydra
 17376 | Lair:4   | Killed a six-headed hydra
 17942 | Lair:4   | Found a staircase to the Swamp.
 18104 | Lair:4   | Noticed a seven-headed hydra
 18419 | Lair:4   | Killed a seven-headed hydra
 18985 | Lair:5   | Reached skill level 14 in Fire Magic
 19347 | Lair:5   | Found a staircase to the Slime Pits.
 19903 | Lair:5   | Noticed Sonja
 19908 | Lair:5   | Killed Sonja
 20251 | Lair:6   | Entered Level 6 of the Lair of Beasts
 20323 | Lair:5   | Reached XP level 13. HP: 105/105 MP: 30/30
 20324 | Lair:5   | Reached skill level 15 in Fire Magic
 20324 | Lair:5   | Reached XP level 14. HP: 113/113 MP: 31/31
 20693 | Lair:6   | Learned a level 5 spell: Fireball
 20870 | Lair:6   | HP: 3/113 [eight-headed hydra (9)]
 22513 | D:10     | Noticed Josephine
 22536 | D:10     | Killed Josephine
 23114 | D:10     | Offered knowledge of Yara's Violent Unravelling by Vehumet.
 23114 | D:10     | Reached skill level 16 in Fire Magic
 23248 | D:11     | Reached XP level 15. HP: 118/118 MP: 6/32
 23541 | D:11     | Found a staircase to the Orcish Mines.
 24058 | D:11     | Noticed Fannar
 24080 | D:11     | Killed Fannar
 24599 | Orc:1    | Entered Level 1 of the Orcish Mines
 26564 | Lair:6   | Reached skill level 17 in Fire Magic
 26726 | Lair:6   | Found the +6 lightning scales {run, rElec}
 26898 | Lair:5   | Upgraded the game from 0.23.1-42-g8abd8fc to 0.23.2
 27414 | Lair:6   | Reached skill level 1 in Poison Magic
 28068 | Lair:6   | Offered knowledge of Lightning Bolt by Vehumet.
 28205 | Lair:6   | Paralysed by a hornet for 1 turns
 28450 | Lair:6   | Reached skill level 15 in Spellcasting
 28858 | Lair:6   | Got a crystal battleaxe
 28859 | Lair:6   | Identified the +10 battleaxe "Apnomoj" {drain, rC+ MR+
                  | MP+9} (You found it on level 6 of the Lair of Beasts)
 29040 | Lair:6   | Learned a level 5 spell: Lightning Bolt
 30899 | D:12     | Identified the +4 ring mail of Pathos {rC+ Dex+2 Stlth+}
 31840 | D:13     | Found a gate to the Vaults.
 32109 | D:13     | Offered knowledge of Freezing Cloud by Vehumet.
 32118 | D:12     | Reached skill level 18 in Fire Magic
 32264 | D:12     | Learned a level 6 spell: Freezing Cloud
 32396 | D:12     | Reached skill level 1 in Air Magic
 32807 | D:13     | Reached XP level 16. HP: 109/126 MP: 27/35
 33104 | D:13     | Noticed a tengu reaver
 33109 | D:13     | Killed a tengu reaver
 33499 | D:13     | Reached skill level 5 in Air Magic
 34946 | Lair:3   | Got a pitted rapier
 34952 | Lair:3   | Identified the cursed +3 rapier of Foolhardiness {pierce,
                  | rF+ SInv Stlth+} (You found it on level 3 of the Lair of
                  | Beasts)
 35514 | D:14     | Got a twisted cloak
 35525 | D:14     | Identified the +2 cloak of Greed {rN++} (You found it on
                  | level 14 of the Dungeon)
 35565 | D:14     | Noticed Azrael
 35576 | D:14     | Killed Azrael
 36744 | D:15     | Entered Level 15 of the Dungeon
 36744 | D:15     | Found a frozen archway.
 37783 | D:15     | Reached skill level 10 in Air Magic
 37857 | D:15     | Found a staircase to the Depths.
 38188 | D:11     | Offered knowledge of Conjure Ball Lightning by Vehumet.
 38951 | Orc:2    | Entered Level 2 of the Orcish Mines
 38951 | Orc:2    | Found a staircase to the Elven Halls.
 39311 | Orc:2    | Found a roughly hewn altar of Beogh.
 39633 | Orc:2    | Found Anwen's Antique Armour Shop.
 39851 | Orc:2    | Found a roughly hewn altar of Beogh.
 40077 | Orc:2    | Noticed Saint Roka
 40110 | Orc:2    | Killed Saint Roka
 40291 | Orc:2    | Found a roughly hewn altar of Beogh.
 40486 | Orc:2    | Found a roughly hewn altar of Beogh.
 40596 | Orc:2    | Found Nehenacits's Distillery.
 40643 | Orc:2    | Found a roughly hewn altar of Beogh.
 40933 | Orc:2    | Found Lifuram's Antique Armour Shoppe.
 41058 | Orc:2    | Offered knowledge of Iron Shot by Vehumet.
 41323 | Orc:2    | Found Ablom Eto's Antique Armour Boutique.
 41324 | Orc:2    | Found a roughly hewn altar of Beogh.
 41327 | Orc:2    | Found Sarholen's Antique Weapon Shop.
 41337 | Orc:2    | Bought a pair of glowing gloves for 172 gold pieces
 41354 | Orc:2    | Bought a pitted scimitar for 207 gold pieces
 41354 | Orc:2    | Identified the +6 scimitar of the Lamprey {speed, rElec
                  | rF++ Int+3 Dex+3} (You bought it in a shop on level 2 of
                  | the Orcish Mines)
 41446 | Orc:2    | Bought a potion of curing for 48 gold pieces
 41446 | Orc:2    | Bought a potion of heal wounds for 80 gold pieces
 41655 | Swamp:1  | Entered Level 1 of the Swamp
 41934 | Swamp:1  | Reached skill level 1 in Long Blades
 42238 | Swamp:1  | Noticed Jorgrun
 42239 | Swamp:1  | Noticed Louise
 42255 | Swamp:1  | Killed Jorgrun
 42318 | Swamp:1  | Noticed a thorn hunter
 42349 | Swamp:1  | Killed a thorn hunter
 42360 | Swamp:1  | Noticed Kirke
 42428 | Swamp:1  | You fall through a shaft!
 43611 | Swamp:2  | Reached XP level 17. HP: 132/132 MP: 33/36
 45683 | Swamp:4  | Entered Level 4 of the Swamp
 45835 | Swamp:4  | Reached skill level 10 in Conjurations
 45885 | Swamp:3  | Paralysed by a hornet for 2 turns
 46319 | Swamp:3  | Reached skill level 5 in Long Blades
 47026 | Swamp:4  | Reached ****** piety under Vehumet
 47510 | Swamp:4  | Got a decaying rune of Zot
 47879 | D:8      | Bought a slimy trident for 136 gold pieces
 47879 | D:8      | Identified the +7 trident "Jacucs" {vamp, rN+} (You bought
                  | it in a shop on level 8 of the Dungeon)
 47880 | D:8      | Bought a dazzling great mace for 184 gold pieces
 47882 | D:8      | Identified the cursed +1 great mace of the Pits of Slime
                  | {antimagic, Fragile rF+ MR+ Str+7} (You bought it in a shop
                  | on level 8 of the Dungeon)
 48073 | Snake:1  | Entered Level 1 of the Snake Pit
 48751 | Snake:1  | Offered knowledge of Fire Storm by Vehumet.
 48751 | Snake:1  | Offered knowledge of Chain Lightning by Vehumet.
 48751 | Snake:1  | Offered knowledge of Tornado by Vehumet.
 48792 | Snake:1  | Learned a level 4 spell: Ice Form
 49527 | Snake:1  | Learned a level 9 spell: Fire Storm
 50666 | Snake:2  | Noticed Aizul
 50682 | Snake:2  | Killed Aizul
 52160 | Snake:3  | Noticed Vashnia
 52382 | Snake:3  | Reached skill level 19 in Fire Magic
 53235 | Snake:4  | Entered Level 4 of the Snake Pit
 53963 | Snake:4  | Noticed Asterion
 53980 | Snake:4  | Killed from afar by Asterion

Skill      XL: |  1  2  3  4  5  6  7  8  9 10 11 12 13 14 15 16 17 |
---------------+----------------------------------------------------+-----
Spellcasting   | 3 4 5 7 9 12 13 15 16 | 16.2
Short Blades   | 1 2 3 4 5 6 |  6.0
Conjurations   | 5 6 7 8 9 10 | 10.8
Hexes          | 1 2 |  2.2
Fire Magic     | 4 6 9 11 12 14 15 16 18 19 | 19.1
Fighting       | 7 |  7.4
Dodging        | 4 |  4.7
Poison Magic   | 3 |  3.5
Air Magic      | 3 11 12 | 12.3
Long Blades    | 3 6 |  6.5
Stealth        | |  1.7

Action                   |  1- 3 |  4- 6 |  7- 9 | 10-12 | 13-15 | 16-18 || total
-------------------------+-------+-------+-------+-------+-------+-------++-------
Melee: Unarmed           |    13 |       |       |       |       |     1 ||    14
       Club              |    13 |       |       |       |       |       ||    13
       Dagger            |    15 |   124 |   119 |    86 |   145 |    62 ||   551
       Short sword       |     4 |       |       |       |       |       ||     4
       Tailslap          |     1 |    10 |    10 |    10 |    16 |    27 ||    74
       Staff             |       |       |     2 |     1 |     2 |       ||     5
       Scimitar          |       |       |       |       |       |   107 ||   107
       Great sword       |       |       |       |       |       |     2 ||     2
 Cast: Magic Dart        |    49 |    82 |   105 |   103 |     1 |     2 ||   342
       Searing Ray       |     3 |     7 |     6 |    13 |     5 |     3 ||    37
       Sting             |       |     6 |    55 |    28 |       |       ||    89
       Iskenderun's Myst |       |     3 |    16 |       |       |       ||    19
       Dazzling Spray    |       |       |     6 |    15 |     1 |     5 ||    27
       Throw Flame       |       |       |    11 |   253 |   664 |   296 ||  1224
       Sticky Flame      |       |       |     6 |    45 |    17 |     7 ||    75
       Bolt of Magma     |       |       |     1 |    36 |    52 |    40 ||   129
       Force Lance       |       |       |       |    23 |    62 |    78 ||   163
       Olgreb's Toxic Ra |       |       |       |     9 |    32 |    20 ||    61
       Fireball          |       |       |       |       |    59 |    97 ||   156
       Freezing Cloud    |       |       |       |       |     1 |   245 ||   246
       Lightning Bolt    |       |       |       |       |     1 |    21 ||    22
       Ice Form          |       |       |       |       |       |     1 ||     1
 Abil: Breathe Fire      |       |       |     1 |    11 |     7 |     1 ||    20
       Evoke Invisibilit |       |       |     1 |       |       |     2 ||     3
Evoke: Wand              |       |     4 |     2 |     1 |     3 |    15 ||    25
  Use: Scroll            |       |     7 |    12 |     7 |     6 |    21 ||    53
       Potion            |       |       |    10 |     1 |     1 |    19 ||    31
 Stab: Sleeping          |       |     6 |     4 |     1 |       |     1 ||    12
       Invisible         |       |       |       |     1 |       |       ||     1
  Eat: Chunk             |     4 |     8 |    10 |    34 |    35 |    25 ||   116
       Ration            |       |       |     2 |     2 |     2 |    13 ||    19
Armor: Skin              |    15 |    38 |    95 |    69 |   244 |   178 ||   639
Dodge: Dodged            |    35 |    76 |    97 |   133 |   379 |   325 ||  1045
       Rpst.: Scimitar   |       |       |       |       |       |    20 ||    20
